 Dungeon Crawl Stone Soup version 0.31-a0-799-g6bc09d010c (webtiles) character file.

Game seed: 3768148118653834225

3075 Newt the Spear-Bearer (level 9, -1/64 HPs)
             Began as a Merfolk Gladiator on Sept 19, 2023.
             Was a Believer of Hepliaklqana.
             Slain by Erica
             ... wielding a +1 scimitar of flaming
              (2 damage)
             ... on level 8 of the Dungeon.
             The game lasted 00:09:48 (8771 turns).

Newt the Spear-Bearer (Merfolk Gladiator)           Turns: 8771, Time: 00:09:48

Health: -1/64      AC:  7    Str: 19    XL:     9   Next: 88%
Magic:  9/9        EV: 15    Int:  7    God:    Hepliaklqana [**....]
Gold:   104        SH:  0    Dex: 17    Spells: 8/8 levels left

rFire   . . .        r - +6 spear (freeze)
rCold   . . .        G - +0 buckler
rNeg    + . .        M - +1 leather armour of the Bull {rElec rN+ Dex+2}
rPois   +            c - +0 helmet
rElec   +            L - +0 cloak {rPois}
rCorr   .            (no gloves)
SInv    .            t - +0 pair of boots
Will    .....        (no amulet)
Stlth   +            (no ring)
HPRegen 0.30/turn    (no ring)
MPRegen 0.11/turn

%: no passive effects
@: confused
A: reduced essence, (nimble swimmer 2), mertail
a: Renounce Religion, Recall Ancestor, Ancestor Identity


You were on level 8 of the Dungeon.
You worshipped Hepliaklqana.
Hepliaklqana was pleased with you.
You visited 2 branches of the dungeon, and saw 9 of its levels.

You collected 328 gold pieces.
You spent 224 gold pieces at shops.

Inventory:

Hand Weapons
 a - a +0 trident
 n - the +5 great sword "Miasuosch" {antimagic, rPois rC++ Str-2 Int+4}
   (You found it on level 2 of the Dungeon)

   Str-2:     It affects your strength (-2).
   Int+4:     It affects your intelligence (+4).
   rC++:      It greatly protects you from cold.
   rPois:     It protects you from poison
 r - a +6 spear of freezing (weapon)
Missiles
 d - 2 throwing nets (quivered)
 e - a javelin
 p - 12 poisoned darts
 x - 12 boomerangs
Armour
 b - a +0 leather armour
 c - a +0 helmet (worn)
 s - +0 acid dragon scales
 t - a +0 pair of boots (worn)
 y - a +0 cloak
 F - a +0 leather armour of cold resistance
 G - a +0 buckler (worn)
 L - a +0 cloak of poison resistance (worn)
 M - the +1 leather armour of the Bull (worn) {rElec rN+ Dex+2}
   (You found it on level 7 of the Dungeon)

   Dex+2:     It affects your dexterity (+2).
   rElec:     It insulates you from electricity.
   rN+:       It protects you from negative energy.
Jewellery
 A - a ring of ice
Talismans
 h - a granite talisman
Wands
 B - a wand of mindburst (1)
 H - a wand of digging (2)
 N - a wand of flame (41)
 P - a wand of iceblast (5)
Scrolls
 g - a scroll of enchant armour
 i - 4 scrolls of teleportation
 l - a scroll of amnesia
 m - a scroll of fear
 o - a scroll of blinking
 q - a scroll of summoning {unknown}
 v - a scroll of immolation
 w - a scroll of vulnerability
 z - 2 scrolls of fog
 C - a scroll of revelation
 K - a scroll of acquirement {unknown}
 R - a scroll of brand weapon
 T - a scroll of poison
Potions
 f - 4 potions of attraction
 j - a potion of brilliance
 k - a potion of resistance
 u - a potion of heal wounds
 D - 3 potions of curing {unknown}
 E - a potion of enlightenment {unknown}
 I - 2 potions of haste {unknown}
 J - a potion of might {unknown}
 O - a potion of degeneration {unknown}
 Q - a potion of cancellation {unknown}


   Skills:
 - Level 7.0 Fighting
 - Level 3.4 Long Blades
 - Level 13.0 Polearms
 - Level 2.0 Throwing
 - Level 7.0 Dodging
 + Level 4.6 Shields


You had 8 spell levels left.
You didn't know any spells.
Your spell library contained the following spells:

 Spells                   Type           Power      Damage    Failure   Level
 Magic Dart               Conj           0%         1d3       56%         1
 Call Imp                 Summ           0%         N/A       71%         2
 Mephitic Cloud           Conj/Pois/Air  0%         N/A       90%         3
 Ozocubu's Armour         Ice            0%         N/A       90%         3
 Metabolic Englaciation   Hex/Ice        0%         N/A       100%        5
 Simulacrum               Ice/Necr       0%         N/A       100%        6


Dungeon Overview and Level Annotations

Branches:
Dungeon (8/15)             Temple (1/1) D:4
   Lair: D:8-11

Altars:
Cheibriados
Dithmenos
Elyvilon
Fedhas
Gozag
Hepliaklqana
Kikubaaqudgha
Makhleb
Okawaru
Ru
Sif Muna
Trog
Vehumet
Wu Jian
Yredelemnul
Zin
The Shining One

Shops:
D:8 ?

Annotations:
D:8 Erica


Innate Abilities, Weirdness & Mutations

Your life essence is reduced to manifest your ancestor. (-10% HP)
((You are very nimble when in or above water. (Stealth+, EV+, Speed+++)))
Your lower body shifts to a powerful aquatic tail in water.


Message History

Erica casts a spell.
Erica flickers and vanishes!
Something blocks your attack.
You hit something. You freeze something.
You hear some strange, mumbled words.
You are confused.
Something blocks your attack.
Unknown command.
You bump into the rock wall.
Something hits you but does no damage. Something blocks your attack.
Something hits you! Something burns you.
You puncture something! You freeze something.
Unknown command.
You bump into the rock wall.
You hear some strange, mumbled words.
You are more confused.
Unknown command.
You bump into the rock wall.
Something hits you. Something burns you.
Unknown command.
You bump into the rock wall.
You hear some strange, mumbled words.
A bolt of poison appears from out of thin air!
The bolt of poison hits you. You resist.
Unknown command.
Unknown command.
You bump into the rock wall.
Something hits you.
* * * LOW HITPOINT WARNING * * *
Something burns you.
* * * LOW HITPOINT WARNING * * *
Unknown command.
Unknown command.
You bump into the rock wall.
You hear some strange, mumbled words.
A bolt of poison appears from out of thin air!
The bolt of poison hits you. You resist.
* * * LOW HITPOINT WARNING * * *
Unknown command.
Something blocks your attack. Something hits you!
* * * LOW HITPOINT WARNING * * *
Something burns you.
You die...

......###.....#
......
##.....#....#
...... ###.......#
#....##
##.R#....### ##
..>...#
...####....##...
..... ...#
##......# ...# ..##
#...######[.# ..##
##.### ##{#
##.####...#####.@##
##...#..##.##.....#
..#...## ##....#..#
.....## ##..##..#
..##.# #........
....## #.....#####
....# #.....# ....#
..###.# .....# ..#
#.


There were no monsters in sight!

Vanquished Creatures
  Maggie (D:7)
  Prince Ribbit (D:6)
  A steam dragon (D:7)
  Menkaure (D:6)
  2 acid dragons (D:8)
  A water moccasin (D:7)
  Duvessa (D:4)
  An ice beast (D:5)
  A black bear (D:6)
  2 centaurs
  3 ogres
  2 phantoms
  A gnoll sergeant (D:8)
  A scorpion (D:5)
  3 wights (D:7)
  Dowan (D:4)
  A gnoll bouda (D:6)
  2 hounds
  A jelly (D:5)
  5 orc priests
  2 iguanas (D:5)
  2 sleepcaps
  Natasha (thrice) (D:2)
  3 orc wizards
  Ijyb (D:4)
  20 gnolls
  3 adders
  A shadow imp (D:7)
  A white imp (D:7)
  An ufetubus (D:5)
  A worm (D:2)
  2 dart slugs
  19 orcs
  5 ball pythons
  3 endoplasms
  3 giant cockroaches
  6 goblins
  6 hobgoblins
  6 quokkas
  4 bats
  3 frilled lizards
  11 kobolds
  5 rats
143 creatures vanquished.

Vanquished Creatures (collateral kills)
  Crazy Yiuf (D:6)
  2 orcs
3 creatures vanquished.

Vanquished Creatures (others)
  A knight (D:8)
  An ancestor (D:6)
2 creatures vanquished.

Grand Total: 148 creatures vanquished

Notes
Turn   | Place    | Note
-------+----------+-------------------------------------------
     0 | D:1      | Newt the Merfolk Gladiator began the quest for the Orb.
     0 | D:1      | Reached XP level 1. HP: 16/16 MP: 1/1
   325 | D:1      | Reached XP level 2. HP: 12/23 MP: 2/2
  1008 | D:2      | Reached XP level 3. HP: 26/30 MP: 3/3
  1109 | D:2      | Identified the +5 great sword "Miasuosch" {antimagic, rPois
                  | rC++ Str-2 Int+4}
  1160 | D:2      | Found a faded altar of an unknown god.
  1387 | D:2      | Noticed Natasha
  1389 | D:2      | Killed Natasha
  1512 | D:1      | Reached XP level 4. HP: 32/37 MP: 1/4
  1976 | D:2      | Noticed Natasha
  1978 | D:2      | Killed Natasha
  1979 | D:2      | Reached XP level 5. HP: 36/42 MP: 1/5
  2316 | D:2      | Noticed Natasha
  2326 | D:2      | Killed Natasha
  2327 | D:2      | Reached skill level 5 in Polearms
  3067 | D:3      | Found a bloodstained altar of Trog.
  3930 | D:3      | Reached skill level 6 in Polearms
  4411 | D:4      | Noticed Ijyb
  4411 | D:4      | Noticed an ogre
  4411 | D:4      | Noticed Dowan
  4414 | D:4      | Noticed Duvessa
  4439 | D:4      | Killed Duvessa
  4440 | D:4      | Reached skill level 7 in Polearms
  4440 | D:4      | Reached XP level 6. HP: 27/48 MP: 6/6
  4441 | D:5      | Entered Level 5 of the Dungeon
  4717 | D:5      | Noticed an ice beast
  4733 | D:5      | Killed an ice beast
  4831 | D:5      | Reached skill level 8 in Polearms
  4835 | D:5      | Reached XP level 7. HP: 40/54 MP: 7/7
  4912 | D:5      | Reached skill level 9 in Polearms
  4920 | D:5      | Reached skill level 5 in Dodging
  5182 | D:4      | Reached XP level 8. HP: 46/60 MP: 8/8
  5213 | D:4      | Killed Ijyb
  5234 | D:4      | Found a staircase to the Ecumenical Temple.
  5282 | Temple   | Entered the Ecumenical Temple
  5296 | Temple   | Became a worshipper of Hepliaklqana the Forgotten
  5342 | D:4      | Killed Dowan
  5445 | D:4      | Reached skill level 5 in Fighting
  6228 | D:6      | Noticed Prince Ribbit
  6234 | D:6      | Killed Prince Ribbit
  6280 | D:6      | Noticed Menkaure
  6288 | D:6      | Killed Menkaure
  6374 | D:6      | Reached * piety under Hepliaklqana
  6389 | D:6      | Reached skill level 10 in Polearms
  6455 | D:6      | Identified the +1 robe "Jieror" {Int+4 SInv}
  6471 | D:6      | Found a runed translucent door.
  6472 | D:6      | Noticed Crazy Yiuf
  6704 | D:6      | Reached XP level 9. HP: 64/64 MP: 9/9
  6807 | D:6      | Reached skill level 11 in Polearms
  6902 | D:6      | Killed Crazy Yiuf
  6962 | D:7      | Identified the +1 leather armour of the Bull {rElec rN+
                  | Dex+2}
  7132 | D:7      | Reached skill level 12 in Polearms
  7286 | D:7      | Noticed Maggie
  7306 | D:7      | Killed Maggie
  7307 | D:7      | Reached skill level 13 in Polearms
  7307 | D:7      | Reached skill level 1 in Shields
  7756 | D:7      | Found an ancient bone altar of Kikubaaqudgha.
  7759 | D:7      | Found a sacrificial altar of Ru.
  8031 | D:8      | Reached ** piety under Hepliaklqana
  8032 | D:8      | Remembered your ancestor Ingwe as a knight
  8038 | D:8      | Found Siqugul's Magic Scroll Emporium.
  8046 | D:8      | Bought a scroll of fog for 56 gold pieces
  8046 | D:8      | Bought a scroll of identify for 28 gold pieces
  8046 | D:8      | Bought a scroll of identify for 28 gold pieces
  8046 | D:8      | Bought a scroll of poison for 56 gold pieces
  8046 | D:8      | Bought a scroll of fear for 56 gold pieces
  8151 | D:8      | Noticed Erica
  8734 | D:8      | Identified the amulet of the Locust {Reflect Dex+7 Slay+2
                  | SH+5}
  8771 | D:8      | HP: 1/64 [something (12)]
  8771 | D:8      | Slain by Erica

Illustrated notes

Levels and vault maps discovered:
D:1:      mrwooster_arrival_statue, layout_loops_ring
D:2:      layout_basic, dreamdust_ecumenical_altar_statues, serial_bayou,
          serial_bayou_pond_d, serial_bayou_lagoon_b, serial_bayou_lagoon_a,
          serial_bayou_shore_b, uniq_natasha
D:3:      layout_loops_corners, trog_three_pillars_becter, serial_park_tiny_1,
          hangedman_glass_teeth
D:4:      layout_basic, minmay_temple_entry_nine_rooms,
          kennysheep_generic_room_11, uniq_ijyb, uniq_duvessa
D:5:      layout_rooms
D:6:      layout_rooms, grunt_ministairs_9, minmay_strange_pillars,
          uniq_crazy_yiuf_cottage, uniq_prince_ribbit1, uniq_menkaure
D:7:      layout_loops_ring, nicolae_overflow_hidden_temple, uniq_maggie
D:8:      layout_layer_cave, serial_shops, nicolae_shop_hallway_stairs,
          eino_jars, uniq_erica, uniq_joseph
Temple:   nicolae_temple_bog_church

Skill      XL: |  1  2  3  4  5  6  7  8  9 |
---------------+----------------------------+-----
Fighting       | 3 4 7 |  7.0
Long Blades    | 2 3 |  3.4
Polearms       | 7 8 9 10 13 | 13.0
Dodging        | 7 |  7.0
Shields        | 4 |  4.6
Throwing       | |  2.0

Action                     |  1- 3 |  4- 6 |  7- 9 || total
---------------------------+-------+-------+-------++-------
  Melee: Trident           |    70 |       |       ||    70
         Punch             |     1 |       |     1 ||     2
         Tailslap          |     1 |       |       ||     1
         Great sword       |    14 |    70 |       ||    84
         Spear             |       |    56 |   318 ||   374
  Throw: Throwing net      |     1 |     2 |       ||     3
 Invoke: Recall Ancestor   |       |       |     1 ||     1
         Ancestor Life: Kn |       |       |     1 ||     1
    Use: Scroll            |     1 |     5 |    11 ||    17
         Potion            |       |       |     1 ||     1
   Stab: Sleeping          |       |     1 |       ||     1
         Distracted        |       |       |     2 ||     2
 Armour: Leather armour    |    40 |    10 |    39 ||    89
         Acid dragon scale |       |    56 |    54 ||   110
  Dodge: Dodged            |    43 |    80 |   102 ||   225
  Block: Buckler           |       |       |    19 ||    19

Table legend: (Time is in decaauts)
 A = Elapsed time spent in this place.
 B = Non-inter-level travel time spent in this place.
 C = Inter-level travel time spent in this place.
 D = Time resting spent in this place.
 E = Time spent auto-exploring this place.
 F = Levels seen in this place.
 G = Mean time per level.
                   A        B        C        D        E       F      G
               +--------+--------+--------+--------+--------+-----+--------+
         Total |   8660 |   8248 |    412 |   1952 |   5082 |   9 |  962.2 |
       Dungeon |   8632 |   8247 |    385 |   1952 |   5082 |   8 | 1079.0 |
        Temple |     28 |      1 |     27 |      0 |      0 |   1 |   28.0 |
               +--------+--------+--------+--------+--------+-----+--------+

Top non-repeatable levels by time:
     D:2: 1637 daAuts
     D:1: 1333 daAuts
     D:3: 1283 daAuts
     D:5: 1075 daAuts
     D:8: 890 daAuts
     D:7: 867 daAuts
     D:4: 837 daAuts
     D:6: 708 daAuts
  Temple: 28 daAuts
